 Dungeon Crawl Stone Soup version 0.28.0-49-g6dfe1f597d (webtiles) character file.

Game seed: 11174938751743873436

24 Zeld the Conjurer (level 2, 0/23 HPs)
             Began as a Draconian Conjurer on May 16, 2022.
             Slain by a giant cockroach (2 damage)
             ... on level 2 of the Dungeon.
             The game lasted 00:01:51 (1327 turns).

Zeld the Conjurer (Draconian Conjurer)              Turns: 1327, Time: 00:01:52

Health: 0/23       AC:  6    Str:  9    XL:     2   Next: 79%
Magic:  1/5        EV: 12    Int: 18    God:
Gold:   40         SH:  0    Dex:  9    Spells: 2/5 levels left

rFire   . . .      SeeInvis .   (no weapon)
rCold   . . .      Faith    .   (no shield)
rNeg    . . .      Spirit   .   (armour unavailable)
rPois   .          Reflect  .   (helmet restricted)
rElec   .          Harm     .   (no cloak)
rCorr   .          Rampage  .   (no gloves)
Will    .....                   b - +1 pair of boots
Stlth   ++........              (no amulet)
HPRegen 0.07/turn               (no ring)
MPRegen 0.09/turn               (no ring)

@: no status effects
A: AC +4, unfitting armour, cold-blooded
a: no special abilities


You were on level 2 of the Dungeon.
You visited 1 branch of the dungeon, and saw 2 of its levels.

You collected 88 gold pieces.
You spent 48 gold pieces at shops.

Inventory:

Armour
 b - a +1 pair of boots (worn)
 g - a +0 pair of gloves
Scrolls
 c - a scroll of teleportation {unknown}
 e - 3 scrolls of identify
 f - a scroll of immolation {unknown}
Potions
 a - a potion of lignification {unknown}
 d - a potion of cancellation {unknown}


   Skills:
 * Level 1.1 Fighting
 + Level 2.0 Dodging
 + Level 1.9 Stealth
 * Level 2.3 Spellcasting
 * Level 4.2 Conjurations


You had 2 spell levels left.
You knew the following spells:

 Your Spells              Type           Power      Damage    Failure   Level
a - Magic Dart            Conj           68%        1d6       3%          1
b - Searing Ray           Conj           34%        2d5       4%          2

Your spell library contained the following spells:

 Spells                   Type           Power      Damage    Failure   Level
 Dazzling Flash           Conj/Hex       18%        N/A       22%         3
 Fulminant Prism          Conj/Hex       4%         3d6       58%         4
 Iskenderun's Mystic Bla  Conj/Tloc      9%         2d4       58%         4


Dungeon Overview and Level Annotations

Branches:
Dungeon (2/15)

Altars:

Shops:
D:2 =(?

Annotations:
D:2 Terence


Innate Abilities, Weirdness & Mutations

Your plain brown scales are hard. (AC +4)
You cannot fit into any form of body armour.
You are cold-blooded and may be slowed by cold attacks.


Message History

Confirm with . or Enter, or press ? or * to list all spells.
Aiming: Magic Dart (safe; 3% risk of failure)
Press: ? - help, Shift-Dir - straight line, f/p - Terence
Aim: Terence, wielding a +0 trident and wearing a +0 scale mail (almost dead, 100% to hit)
The magic dart hits Terence.
Terence is almost dead.
Unknown command.
Found a pair of gloves.
A kobold comes into view. It is wielding a +0 club.
The kobold throws a stone.
The stone hits you but does no damage.
A giant cockroach comes into view.
The kobold throws a stone.
The stone barely misses you.
Terence hits you from afar with a +0 trident!
Found 21 bolts.
A kobold comes into view. It is wielding a +0 dagger.
The kobold shouts!
The kobold throws a stone.
The stone barely misses you.
You see here a +0 pair of gloves.
g - a +0 pair of gloves The giant cockroach bites you but does no damage.
A bat comes into view.
Terence barely misses you. The giant cockroach closely misses you.
The kobold hits you but does no damage.
The giant cockroach waves its antennae.
The giant cockroach barely misses you.
The kobold throws a stone.
The stone hits you but does no damage. The bat closely misses you.
The bat closely misses you. The giant cockroach closely misses you.
You hit Terence but do no damage.
Your tail-slap misses Terence.
Terence is almost dead.
The giant cockroach barely misses you. The kobold hits you but does no damage.
The giant cockroach barely misses you. Terence shouts, "Now you die!"
Terence closely misses you. The bat hits you but does no damage.
The kobold hits you with a +0 dagger. Terence hits you with a +0 trident!
* * * LOW HITPOINT WARNING * * *
You closely miss the bat. The bat hits you but does no damage.
The kobold hits you but does no damage. The giant cockroach bites you.
You die...

########.#
#................
#.#
#########........
#.## #........
#..# #........
##.# ##.......
#.##############
########
#...............
#...#..#.b#..#..
#.....K@@.......
#...#..#BK#..#..
#..........(....
################


You could see Terence, a giant cockroach, a bat and 2 kobolds.

Vanquished Creatures
  2 ball pythons
  4 bats (D:1)
  An endoplasm (D:2)
  3 goblins (D:1)
  A hobgoblin (D:2)
  4 kobolds
  2 quokkas (D:1)
  A frilled lizard (D:2)
  3 rats
21 creatures vanquished.

Notes
Turn   | Place    | Note
-------+----------+-------------------------------------------
     0 | D:1      | Zeld the Draconian Conjurer began the quest for the Orb.
     0 | D:1      | Reached XP level 1. HP: 14/14 MP: 3/3
   354 | D:1      | Found a faded altar of an unknown god.
   515 | D:1      | Reached XP level 2. HP: 21/22 MP: 0/5
   721 | D:1      | Reached skill level 1 in Fighting
   970 | D:2      | Learned a level 2 spell: Searing Ray
  1068 | D:2      | Found Lutim's Magic Scroll Shoppe.
  1103 | D:2      | Bought a scroll of identify for 24 gold pieces
  1103 | D:2      | Bought a scroll of identify for 24 gold pieces
  1118 | D:2      | Found Joqalon's Weapon Emporium.
  1208 | D:2      | Found Ocodwierph's Jewellery Boutique.
  1270 | D:2      | Noticed Terence
  1327 | D:2      | Slain by a giant cockroach

Illustrated notes

Levels and vault maps discovered:
D:1:      kennysheep_arrival_forest, layout_rooms, ebering_ecumenical_altar_hall
D:2:      layout_rooms, serial_shops, shop, nicolae_shop_stone, shop_statue,
          shop, columned_hall_lemuel, uniq_natasha, uniq_terence

Skill      XL: |  1  2 |
---------------+-------+-----
Fighting       | 1 |  1.1
Dodging        | 2 |  2.0
Stealth        | |  1.9
Spellcasting   | |  2.3
Conjurations   | |  4.2

Action                   || total
-------------------------++-------
Melee: Unarmed           ||    33
       Tailslap          ||     2
 Cast: Magic Dart        ||    39
       Searing Ray       ||     1
Armor: Skin              ||    38
Dodge: Dodged            ||    54
